 Dungeon Crawl Stone Soup version 0.18.1-50-g88ac8fd (webtiles) character file.

67 Nordron the Changer (level 4, 0/38 HPs)
             Began as a Naga Transmuter on Sept 30, 2016.
             Succumbed to an adder's poison
             ... on level 2 of the Dungeon.
             The game lasted 00:06:07 (829 turns).

Nordron the Changer (Naga Transmuter)                Turns: 829, Time: 00:06:08

Health: 0/38       AC:  6    Str: 12    XL:     4   Next: 16%
Magic:  6/7        EV:  8    Int: 14    God:
Gold:   99         SH:  0    Dex: 12    Spells: 1 memorised, 6 levels left

rFire  . . .     SeeInvis +     e - +2 hand axe (chop)
rCold  . . .     Gourm    .     b - +0 robe
rNeg   . . .     Faith    .     (no shield)
rPois  +         Spirit   .     (no helmet)
rElec  .         Dismiss  .     (no cloak)
rCorr  .         Reflect  .     (no gloves)
SustAt .         Harm     .     i - +0 naga barding
MR     .....                    (no amulet)
Stlth  +.........               (no ring)
                                (no ring)

@: lethally poisoned (0 -> -3), appendage (expiring), flying, very slightly
contaminated, invisible, very slow, not resistant to hostile enchantments, very
unstealthy
A: horns 2, see invisible, deformed body, poison resistance, slowness 2, slow
metabolism 1, spit poison 2, AC +1
a: Spit Poison, End Transformation


You were on level 2 of the Dungeon.
You were not hungry.
You had grown temporary horns.
You visited 1 branch of the dungeon, and saw 2 of its levels.

You collected 99 gold pieces.

Inventory:

Hand Weapons
 e - a +2 hand axe of chopping (weapon)
Missiles
 a - 12 arrows
Armour
 b - a +0 robe (worn)
 i - a +0 naga barding (worn)
Scrolls
 f - a scroll of enchant armour {unknown}
 j - a scroll of remove curse {unknown}
 k - a scroll of magic mapping {unknown}
 l - 4 scrolls of recharging {unknown}
 n - a scroll of identify {unknown}
 o - a scroll of enchant weapon {unknown}
Potions
 g - a potion of invisibility
Books
 c - a book of Changes

   Spells                             Type                      Level
   a - Beastly Appendage              Transmutation                1
   b - Sticks to Snakes               Transmutation                2
   c - Spider Form                    Transmutation/Poison         3
   d - Ice Form                       Ice/Transmutation            4
   e - Blade Hands                    Transmutation                5
Comestibles
 d - 3 bread rations
 h - 7 chunks of flesh


   Skills:
 - Level 1.0 Fighting
 - Level 1.5 Dodging
 - Level 3.0 Unarmed Combat
 - Level 2.0 Spellcasting
 * Level 4.3 Transmutations


You had 6 spell levels left.
You knew the following spells:

 Your Spells              Type           Power        Failure   Level  Hunger
a - Beastly Appendage     Trmt           ##....       4%          1    ##.....


Dungeon Overview and Level Annotations

Branches:
Dungeon (2/15)

Altars:

Shops:
D:2 *


Innate Abilities, Weirdness & Mutations

You cannot wear boots.
Your serpentine skin is tough (AC +1).
You have supernaturally acute eyesight.
Armour fits poorly on your strangely shaped body.
Your system is resistant to poisons.
You cover ground very slowly.
You have a slow metabolism.
You can spit poison.
You have a pair of horns on your head.


Message History

You are poisoned.
The adder poisons you! The adder bites you.
* * * LOW HITPOINT WARNING * * *
Drink which item? (? for menu, Esc to quit)
Okay, then.
You hit the adder. Your headbutt misses the adder.
The adder is heavily wounded.
You feel sick. The adder bites you.
* * * LOW HITPOINT WARNING * * *
Drink which item? (? for menu, Esc to quit)
It was a potion of invisibility.
You fade into invisibility!
The adder barely misses you. x2
You are very lightly contaminated with residual magic.
Drink which item? (? for menu, Esc to quit)
It was a potion of flight.
You feel very buoyant.
You fly up into the air.
Your transformation is almost over.
You die...

#...#....# #.#.#....#
#.#.#....# ###...#....#
#.#.#####..........##
.......<)...........#
#...#####)........#....
# #........## ...
##......@# .∩ #......S#
. #####....# .......
#####.##. ... .. ... ..
... ..


You could see an adder.

Vanquished Creatures
  An adder (D:2)
  3 oozes (D:1)
  A worm (D:2)
  A dart slug (D:1)
  2 giant geckos (D:1)
  3 bats (D:1)
  2 giant cockroaches (D:1)
  3 goblins
  3 hobgoblins
  8 jackals (D:1)
  2 ball pythons (D:1)
  A giant newt (D:1)
  5 kobolds (D:1)
35 creatures vanquished.

Notes
Turn   | Place    | Note
--------------------------------------------------------------
     0 | D:1      | Nordron the Naga Transmuter began the quest for the Orb.
     0 | D:1      | Reached XP level 1. HP: 18/18 MP: 3/3
   105 | D:1      | Reached XP level 2. HP: 16/25 MP: 3/5
   122 | D:1      | Reached skill level 3 in Transmutations
   311 | D:1      | Reached XP level 3. HP: 24/31 MP: 6/6
   596 | D:1      | Reached skill level 4 in Transmutations
   801 | D:2      | Reached XP level 4. HP: 12/38 MP: 5/7
   816 | D:2      | Found Zin's Purification Station.
   827 | D:2      | HP: 1/38 [adder (4)]
   829 | D:2      | Succumbed to an adder's poison

Skill      XL: |  1  2  3 |
---------------+----------+-----
Transmutations | 3 4 |  4.3
Fighting       | |  1.0
Dodging        | |  1.5
Unarmed Combat | |  3.0
Spellcasting   | |  2.0

Action                   |  1- 3 |  4- 6 || total
-------------------------+-------+-------++-------
Melee: Hand axe          |    93 |     3 ||    96
       Headbutt          |    10 |       ||    10
 Cast: Beastly Appendage |    16 |     1 ||    17
 Abil: Spit Poison       |     6 |     1 ||     7
  Use: Potion            |       |     2 ||     2
Armor: Robe              |    32 |     1 ||    33
Dodge: Dodged            |    52 |     2 ||    54
